 Dungeon Crawl Stone Soup version 0.31-a0-202-g547052bce9 (webtiles) character file.

Game seed: 6475340095003690514

165 qw the Skirmisher (level 5, 0/29 HPs)
             Began as a Deep Elf Hunter on June 26, 2023.
             Killed from afar by Ijyb (8 damage)
             ... with a puff of flame
             ... on level 3 of the Dungeon.
             The game lasted 00:00:36 (1625 turns).

qw the Skirmisher (Deep Elf Hunter)                 Turns: 1625, Time: 00:00:37

Health: 0/29       AC:  6    Str: 16    XL:     5   Next: 21%
Magic:  7/7        EV: 11    Int: 14    God:
Gold:   100        SH:  0    Dex: 18    Spells: 4/4 levels left

rFire   . . .        Y - +0 shortbow (drain)
rCold   . . .        (shield currently unavailable)
rNeg    . . .        h - +0 ring mail
rPois   .            (no helmet)
rElec   .            b - +0 cloak
rCorr   .            (no gloves)
SInv    .            (no boots)
Will    .....        (no amulet)
Stlth   +            c - +6 ring of strength
HPRegen 0.24/turn    (no ring)
MPRegen 0.10/turn

%: no passive effects
@: no status effects
A: no striking features
a: no special abilities


You were on level 3 of the Dungeon.
You visited 1 branch of the dungeon, and saw 3 of its levels.

You collected 100 gold pieces.


   Skills:
 - Level 1.5 Fighting
 + Level 8.7 Ranged Weapons
 - Level 2.4 Dodging
 - Level 1.2 Stealth


You had 4 spell levels left.
You didn't know any spells.
Your spell library was empty.

Inventory:

Hand Weapons
 Y - a +0 shortbow of draining (weapon)
Armour
 b - a +0 cloak (worn)
 g - a +2 scale mail of willpower
 h - a +0 ring mail (worn)
Jewellery
 c - a +6 ring of strength (left hand)
Scrolls
 j - a scroll of immolation {unknown}
 k - a scroll of identify
Potions
 a - 2 potions of haste {unknown}
 d - a potion of attraction {unknown}
 e - a potion of magic {unknown}
 f - a potion of degeneration {unknown}
 i - a potion of enlightenment {unknown}

Dungeon Overview and Level Annotations

Branches:
Dungeon (3/15)

Altars:

Annotations:
D:2 1 runed translucent door, Crazy Yiuf
D:3 Ijyb


Message History

Enter note:
Enter note:
Enter note: You shoot an arrow.
The arrow hits Ijyb but does no damage.
Ijyb shouts!
Ijyb zaps a wand.
The puff of flame misses you.
You shoot an arrow. The arrow hits Ijyb but does no damage.
You shoot an arrow. The arrow hits Ijyb.
Ijyb is lightly wounded.
Ijyb screams, "It's all mine!"
Ijyb zaps a wand.
The puff of flame hits you!
You shoot an arrow. The arrow hits Ijyb but does no damage.
You drain Ijyb.
Ijyb is moderately wounded.
Ijyb zaps a wand.
The puff of flame misses you.
You shoot an arrow. The arrow hits Ijyb.
Ijyb is moderately wounded.
You shoot an arrow. The arrow hits Ijyb but does no damage.
You drain Ijyb.
Ijyb is moderately wounded.
You shoot an arrow. The arrow hits Ijyb.
Ijyb is heavily wounded.
You shoot an arrow. The arrow completely misses Ijyb.
Ijyb barely misses you.
You shoot an arrow. The arrow closely misses Ijyb.
Ijyb zaps a wand.
The puff of flame hits you!
You shoot an arrow. The arrow hits Ijyb but does no damage.
You drain Ijyb.
Ijyb is heavily wounded.
Ijyb hits you with a +0 dagger.
You shoot an arrow. The arrow hits Ijyb.
Ijyb is severely wounded.
Ijyb hits you with a +0 dagger.
You shoot an arrow. The arrow hits Ijyb but does no damage.
You drain Ijyb.
Ijyb is almost dead.
Ijyb closely misses you.
You shoot an arrow. The arrow barely misses Ijyb.
Ijyb completely misses you.
You shoot an arrow. The arrow barely misses Ijyb.
Ijyb hits you with a +0 dagger. x2
You shoot an arrow. The arrow barely misses Ijyb.
Ijyb zaps a wand.
The puff of flame hits you!
You die...

...##.##.#.....#
#.###.##.#.#.#.###
..................
###.#.#..###...... .
..#.#.#....#..##.#####..
..#.#.#.##.......#.....#
#.#.#.#.##..####.#.....#
..#.#.#.##..# #.......#
###.#.#.##..# #@g.....#
..#.#.##..####.#.....#
### #..........# ....#
##.....##### ####
............#
...#.....##.#
...#........# ..
######...# .# #...#####.


You could see Ijyb (very drained).

Vanquished Creatures
  Natasha (thrice) (D:2)
  Terence (D:3)
  2 adders (D:3)
  A worm (D:2)
  A dart slug (D:1)
  5 endoplasms
  A giant cockroach (D:2)
  5 goblins
  3 hobgoblins
  2 quokkas
  8 ball pythons
  6 bats
  A frilled lizard (D:3)
  2 kobolds
  5 rats
46 creatures vanquished.

Notes
Turn   | Place    | Note
-------+----------+-------------------------------------------
     0 | D:1      | qw the Deep Elf Hunter began the quest for the Orb.
     0 | D:1      | Reached XP level 1. HP: 12/12 MP: 3/3
     0 | D:1      | 0 ||| qw: Version: 0.3-a-22-g0ed2b0b
     0 | D:1      | 0 ||| qw: Game counter: 5847
     0 | D:1      | 0 ||| qw: Melee chars always use a shield: true
     0 | D:1      | 0 ||| qw: God list: Okawaru
     0 | D:1      | 0 ||| qw: Allow faded altars: false
     0 | D:1      | 0 ||| qw: Do Orc after clearing Dungeon:15 true
     0 | D:1      | 0 ||| qw: Do second Lair branch before Depths: true
     0 | D:1      | 0 ||| qw: Lair rune preference: random
     0 | D:1      | 0 ||| qw: Goals: Normal
     0 | D:1      | 0 ||| PLANNING D:1-11
   341 | D:1      | Reached skill level 6 in Ranged Weapons
   341 | D:1      | Reached XP level 2. HP: 16/16 MP: 4/4
   642 | D:1      | 642 ||| READING scroll labelled KIGUITT HYPH.
   643 | D:1      | 643 ||| READING scroll labelled BAXATZ YPSIN.
   648 | D:1      | 648 ||| READING scroll labelled AGIKKEWOESO.
   649 | D:1      | 649 ||| READING scroll labelled QUW DEONUNG.
   650 | D:1      | 650 ||| DROPPING scroll of butterflies.
   800 | D:2      | Noticed Natasha
   804 | D:2      | Killed Natasha
   805 | D:2      | Reached skill level 7 in Ranged Weapons
   805 | D:2      | Reached XP level 3. HP: 20/20 MP: 5/5
   812 | D:2      | Noticed Natasha
   816 | D:2      | Killed Natasha
   817 | D:2      | Reached XP level 4. HP: 17/25 MP: 6/6
   846 | D:2      | Noticed Natasha
   852 | D:2      | Killed Natasha
   903 | D:2      | Reached skill level 8 in Ranged Weapons
   914 | D:2      | 914 ||| UPGRADING to +0 cloak.
   961 | D:2      | Found a runed translucent door.
   962 | D:2      | 962 ||| UPGRADING to +0 ring mail.
   972 | D:2      | 972 ||| DROPPING +0 leather armour.
   973 | D:2      | Noticed Crazy Yiuf
  1033 | D:2      | Identified the +2 spear of Arrival {venom, Str+2 Int+4
                  | Dex-5}
  1268 | D:2      | 1268 ||| UPGRADING to +6 ring of strength.
  1269 | D:2      | 1269 ||| READING scroll labelled SUDASI GEFFYSK.
  1270 | D:2      | 1270 ||| READING scroll labelled AMYUKHASHU.
  1424 | D:3      | Noticed Terence
  1429 | D:3      | Killed Terence
  1430 | D:3      | Reached XP level 5. HP: 29/29 MP: 7/7
  1610 | D:3      | Noticed Ijyb
  1625 | D:3      | Killed from afar by Ijyb

Levels and vault maps discovered:
D:1:      ncdulo_halloftheorcs, layout_loops_ring
D:2:      layout_basic, serial_glass, glass_columns_a, glass_columns_c,
          due_unseen_surprise, minmay_octomino_c4, uniq_natasha,
          uniq_crazy_yiuf_cottage
D:3:      layout_basic, minmay_unequal, uniq_terence, uniq_ijyb, uniq_grinder

Skill      XL: |  1  2  3  4 |
---------------+-------------+-----
Ranged Weapons | 6 7 8 |  8.7
Fighting       | |  1.5
Dodging        | |  2.4
Stealth        | |  1.2

Action                     |  1- 3 |  4- 6 || total
---------------------------+-------+-------++-------
   Fire: Shortbow          |    56 |    71 ||   127
    Use: Scroll            |     4 |     2 ||     6
 Armour: Leather armour    |     1 |     1 ||     2
         Ring mail         |       |     2 ||     2
  Dodge: Dodged            |     6 |    11 ||    17

Table legend:
 A = Non-vault XP
 B = Vault XP
 C = Vault XP percentage of total XP
 D = Non-vault monster count
 E = Vault monster count
 F = Vault count percentage of total count
                 A         B        C        D         E       F
            +---------+---------+-------+---------+---------+-------
      Total |     142 |      94 |  39.8 |      37 |       9 |  19.6
            +---------+---------+-------+---------+---------+-------
        D:1 |      22 |       0 |   0.0 |      13 |       0 |   0.0
        D:2 |      98 |      41 |  29.5 |      18 |       5 |  21.7
        D:3 |      22 |      53 |  70.7 |       6 |       4 |  40.0
            +---------+---------+-------+---------+---------+-------
